 Dungeon Crawl Stone Soup version 0.21.1-1-g345015fe64 (webtiles) character file.

56 IceCat the Skirmisher (level 3, 0/34 HPs)
             Began as a Minotaur Abyssal Knight on July 24, 2018.
             Was a Believer of Lugonu.
             Slain by Sigmund
             ... wielding a +0 scythe
              (7 damage)
             ... on level 2 of the Dungeon.
             The game lasted 00:06:46 (1508 turns).

IceCat the Skirmisher (Minotaur Abyssal Knight)     Turns: 1508, Time: 00:06:46

Health: 0/34       AC:  5    Str: 17    XL:     3   Next: 69%
Magic:  3/3        EV: 11    Int:  9    God:    Lugonu [**....]
Gold:   93         SH:  0    Dex:  9    Spells: 2/2 levels left

rFire    . . .     SeeInvis .   a - +1 mace
rCold    . . .     Gourm    .   (no shield)
rNeg     . . .     Faith    .   b - +0 leather armour
rPois    .         Spirit   .   (helmet restricted)
rElec    .         Reflect  .   m - +0 cloak
rCorr    .         Harm     .   (no gloves)
MR       .....                  n - +0 pair of boots
Stlth    ..........             (no amulet)
HPRegen  0.11/turn              (no ring)
MPRegen  0.08/turn              (no ring)

@: confused
A: retaliatory headbutt, horns 2
a: Depart the Abyss, Bend Space, Renounce Religion


You were on level 2 of the Dungeon.
You worshipped Lugonu.
Lugonu was pleased with you.
You were not hungry.

You visited 1 branch of the dungeon, and saw 3 of its levels.
You visited the Abyss 1 time.

You collected 93 gold pieces.

Inventory:

Hand Weapons
 a - a +1 mace (weapon)
Armour
 b - a +0 leather armour (worn)
 m - a +0 cloak (worn)
 n - a +0 pair of boots (worn)
Jewellery
 j - an uncursed ring of stealth {unknown}
 l - a +3 ring of intelligence {unknown}
Scrolls
 e - a scroll of fog {unknown}
 g - 4 scrolls of identify {unknown}
 k - a scroll of enchant armour {unknown}
Potions
 d - 2 potions of curing {unknown}
 f - 3 potions of might {unknown}
 i - a potion of heal wounds {unknown}
Comestibles
 c - 2 rations
 h - a chunk of flesh


   Skills:
 + Level 4.6 Fighting
 + Level 3.3 Maces & Flails
 + Level 2.6 Armour
 + Level 1.2 Dodging
 + Level 0.2 Stealth
 + Level 2.2 Invocations


You had 2 spell levels left.
You didn't know any spells.

Dungeon Overview and Level Annotations

Branches:
Dungeon (3/15)

Altars:

Annotations:
D:2 Sigmund


Innate Abilities, Weirdness & Mutations

You reflexively headbutt those who attack you in melee.
You have a pair of horns on your head.


Message History

Sigmund is lightly wounded.
You closely miss Sigmund. You headbutt Sigmund.
Sigmund is moderately wounded.
Sigmund barely misses you.
You hit Sigmund but do no damage.
Sigmund is moderately wounded.
Sigmund gestures wildly while chanting.
Sigmund flickers and vanishes!
You closely miss something. Something hits you!
You closely miss something. Something hits you but does no damage.
You miss something.
You hear some strange, mumbled words.
You are confused.
You barely miss something. Something hits you. Something hits you.
You see here 19 arrows.
You bump into the rock wall.
Something hits you!
* * * LOW HITPOINT WARNING * * *
Something hits you!
You die...

#..#.###.## #.#
(#######..#.##...## #..
............#.....## #..
########...#.......####..
#.................
##..#..(....#
#..##.....#####.
##.{(.............
#...@....########.
#.....####
#############.....#
.................##
.############.#.##
.######## #.....#
........# #....>#
#######.# #.....# #.#
#.....#


There were no monsters in sight!

Vanquished Creatures
  2 oozes (D:1)
  4 giant cockroaches
  4 goblins
  5 hobgoblins (D:1)
  4 jackals (D:1)
  8 bats
  5 frilled lizards
  6 kobolds
  5 rats
43 creatures vanquished.

Notes
Turn   | Place    | Note
-------+----------+-------------------------------------------
     0 | Abyss:1  | IceCat the Minotaur Abyssal Knight began the quest for the Orb.
     0 | Abyss:1  | Reached XP level 1. HP: 19/19 MP: 1/1
     8 | Abyss:1  | Found a corrupted altar of Lugonu.
    53 | Abyss:1  | Noticed a thrashing horror
    56 | D:1      | Escaped the Abyss
   154 | D:1      | HP: 1/20 [goblin/dagger (5)]
   154 | D:1      | Reached * piety under Lugonu
   488 | D:1      | Reached skill level 4 in Fighting
   488 | D:1      | Reached XP level 2. HP: 27/27 MP: 2/2
   596 | D:1      | Reached XP level 3. HP: 28/34 MP: 3/3
  1256 | D:2      | Reached ** piety under Lugonu
  1435 | D:2      | Noticed Sigmund
  1508 | D:2      | Slain by Sigmund

Skill      XL: |  1  2 |
---------------+-------+-----
Fighting       | 4 |  4.6
Invocations    | 2 |  2.2
Maces & Flails | 3 |  3.3
Armour         | |  2.6
Dodging        | |  1.2
Stealth        | |  0.2

Action                   || total
-------------------------++-------
Melee: Mace              ||    99
       Headbutt          ||     7
Invok: Depart the Abyss  ||     1
  Eat: Chunk             ||     2
Armor: Leather armour    ||    38
Dodge: Dodged            ||    78
